 Dungeon Crawl Stone Soup version bcrawl-1.41 (webtiles) character file.

Game seed: 4055833252108685246

142553 Shimizu the Poker (level 6, -1/52 HPs)
             Began as a Merfolk Monk on Apr 2, 2024.
             Slain by a wyvern (15 damage)
             ... on level 4 of the Dungeon.
             The game lasted 00:31:41 (4300 turns).

Shimizu the Poker (Merfolk Monk)                    Turns: 4300, Time: 00:31:42

Health: -1/52      AC:  4    Str: 11    XL:     6   Next: 63%
Magic:  0/7        EV: 17    Int:  9    God:
Gold:   333        SH:  0    Dex: 20    Spells: 7/7 levels left

rFire    . . .     GDR:     31% a - +0 spear
rCold    . . .     SeeInvis .   (no shield)
rNeg     . . .     Gourm    .   b - +0 robe
rPois    .         Faith    .   p - +2 hat
rElec    .         Spirit   +   (no cloak)
rCorr    .         Reflect  .   (no gloves)
MR       .....                  (no boots)
Stlth    +++.......             d - amulet of guardian spirit
HPRegen  0.18/turn              (no ring)
MPRegen  0.10/turn              (no ring)

@: no status effects
A: change form in water, swift swim, stealthy swim
a: no special abilities


You were on level 4 of the Dungeon.
You were not hungry.

You visited 1 branch of the dungeon, and saw 5 of its levels.

You collected 333 gold pieces.

Inventory:

Hand Weapons
 a - a +0 spear (weapon)
 s - a +0 hunting sling
Missiles
 u - 523 stones (quivered)
Armour
 b - a +0 robe (worn)
 c - a +0 hat
 p - a +2 hat (worn)
Jewellery
 d - an amulet of guardian spirit (around neck)
Wands
 o - a wand of random effects (7)
Scrolls
 f - 6 scrolls of remove curse
 m - 2 scrolls of teleportation {unknown}
 n - a scroll of noise {unknown}
 q - a scroll of fog {unknown}
 r - a scroll of immolation {unknown}
 t - a scroll of enchant weapon {unknown}
Potions
 g - a potion of agility
 h - a potion of degeneration {unknown}
 i - a potion of flight {unknown}
 j - 2 potions of haste {unknown}
 k - a potion of resistance {unknown}
 l - 2 potions of curing
 v - a potion of lignification {unknown}
Comestibles
 e - 13 rations {!d}


   Skills:
 + Level 5.7 Fighting
 + Level 6.1 Polearms
 + Level 5.9 Dodging
 - Level 3.0 Stealth
 * Level 1.0 Spellcasting
   Level 2.1 Invocations


You had 7 spell levels left.
You didn't know any spells.
Your spell library contained the following spells:

 Spells                   Type           Power        Failure   Level  Hunger
 Magic Dart               Conj           #...         36%         1    None
 Necrotize                Necr           #.....       36%         1    None
 Blink                    Tloc           N/A          50%         2    ###....
 Call Imp                 Summ           #.....       50%         2    ###....
 Conjure Flame            Conj/Fire      #.......     73%         3    #####..
 Mephitic Cloud           Conj/Pois/Air  #.......     73%         3    #####..
 Spider Form              Tmut/Pois      #..          73%         3    #####..
 Vampiric Draining        Necr           #.........   73%         3    #####..
 Agony                    Necr           #.......     98%         4    ######.
 Animate Dead             Necr           N/A          98%         4    ######.
 Dispel Undead            Necr           #.......     100%        5    #######


Dungeon Overview and Level Annotations

Branches:
Dungeon (5/12)
 Temple: D:4-7

Altars:
Ashenzari

Annotations:
D:2 1 runed door
D:4 Grinder
D:5 Prince Ribbit


Message History

The wyvern bites you!
* * * LOW HITPOINT WARNING * * *
You see here a ring mail.
There are monsters nearby!
It was a potion of curing.
You feel better. The wyvern bites you!
* * * LOW HITPOINT WARNING * * *
The centaur shoots an arrow.
The arrow closely misses you.
It was a potion of heal wounds.
You feel much better. The wyvern misses you. The wyvern bites you!!
* * * LOW HITPOINT WARNING * * *
The centaur unwields a +0 shortbow.
The centaur misses you. The wyvern completely misses you.
The wyvern bites you but does no damage.
The wyvern misses you. The wyvern misses you. The wyvern closely misses you.
There is a stone staircase leading up here.
You can't go down here!
The wyvern completely misses you. The wyvern bites you!
You die...

######.#.#.# .....#.#.#.#
.###.#.#.#.############
..............c......>########
###.####.#.#.#######.........#
.......#.#.#.......#.#######.#
###.##.#.#.#.[####.#.# #.#
#.##'#.#.#.....#.#.# #.#
#......#.#....@#c#.# #.#
#......#.#.###l#.#.#######.###
#......#.#....c..#.....<.....#
#......#.#################..##
#.....5#.....................#
#.##'#.####################.##
###.##.#.############# #.#
.....#.#.#...........# #.#
.##.##.#.#...........# #.#


You could see a wyvern and a centaur.

Vanquished Creatures
  A killer bee (D:4)
  A howler monkey (D:2)
  A crimson imp (D:4)
  A hound (D:4)
  Terence (D:2)
  An iguana (D:4)
  A worker ant (D:4)
  3 gnolls
  3 adders
  An ooze (D:3)
  A worm (D:3)
  3 dart slugs
  5 leopard geckos
  3 orcs (D:3)
  2 giant cockroaches
  2 goblins (D:3)
  8 hobgoblins
  3 jackals (D:4)
  6 kobolds
  2 quokkas
  A ball python (D:1)
  5 bats
  2 frilled lizards (D:1)
  2 jackal skeletons (D:4)
  7 rats
66 creatures vanquished.

Notes
Turn   | Place    | Note
-------+----------+-------------------------------------------
     0 | D:1      | Shimizu the Merfolk Monk began the quest for the Orb.
     0 | D:1      | Reached XP level 1. HP: 18/18 MP: 2/2
   182 | D:1      | Reached XP level 2. HP: 24/24 MP: 3/3
   896 | D:2      | Found a shattered altar of Ashenzari.
   961 | D:2      | Reached XP level 3. HP: 29/29 MP: 4/4
  1146 | D:2      | Reached skill level 5 in Polearms
  1215 | D:2      | Found a runed door.
  1236 | D:2      | Noticed Terence
  1307 | D:2      | Killed Terence
  1308 | D:2      | Reached skill level 5 in Dodging
  1308 | D:2      | Reached XP level 4. HP: 22/37 MP: 3/5
  1798 | D:2      | Reached skill level 5 in Fighting
  1798 | D:2      | Reached XP level 5. HP: 42/44 MP: 6/6
  3174 | D:4      | Reached XP level 6. HP: 41/51 MP: 7/7
  3264 | D:4      | Noticed Grinder
  3309 | D:4      | Reached skill level 6 in Polearms
  3861 | D:4      | Noticed a sky beast
  3886 | D:5      | Entered Level 5 of the Dungeon
  3886 | D:5      | Noticed Prince Ribbit
  4096 | D:5      | Noticed a sky beast
  4148 | D:5      | Noticed a wyvern
  4169 | D:4      | Reached skill level 1 in Spellcasting
  4300 | D:4      | Slain by a wyvern

Skill      XL: |  1  2  3  4  5  6 |
---------------+-------------------+-----
Stealth        | 3 |  3.0
Polearms       | 5 6 |  6.1
Fighting       | 4 5 |  5.7
Dodging        | 5 |  5.9
Spellcasting   | 1 |  1.0
Invocations    | |  2.1

Action                   |  1- 3 |  4- 6 || total
-------------------------+-------+-------++-------
Melee: Spear             |   124 |   244 ||   368
  Use: Potion            |       |     3 ||     3
 Stab: Sleeping          |     5 |     3 ||     8
  Eat: Chunk             |     3 |     9 ||    12
       Ration            |       |     2 ||     2
Armor: Robe              |     7 |    16 ||    23
Dodge: Dodged            |    54 |   148 ||   202
